Map: Triton LE

Players

INject - Winner!

  • Race: Terran Terran
  • League: Diamond
  • Spawn Location: 11:00

A.I. 1 (Harder)

  • Race: Protoss Protoss
  • Spawn Location: 5:00

VOD

Have the link to the VOD?

Description

3 rax raven 3 tank mvacs bio SCC plus 1 6min push

Time

  • Played on: Dec. 5, 2019, 4:36 p.m.
  • Length: 9:38
Show
View Real Time Build Order
Export as new Build Order

INject Terran - Winner!

Build Orders: Reaper Expand 

Get SALT Encoding   

  12  0:01  SCV  
  13  0:13  SCV  
  14  0:17  Supply Depot  
  14  0:25  SCV  
  15  0:38  SCV  
  15  0:40  Barracks  
  16  0:45  Refinery  
  16  0:50  SCV  
  17  1:03  SCV  
  18  1:15  SCV  
  19  1:29  Orbital Command  
  19  1:30  Reaper  
  20  1:45  Command Center  
  20  1:56  SCV  
  20  1:57  Supply Depot  
  21  2:01  Refinery  
  21  2:04  Marine  
  22  2:10  SCV  
  23  2:22  Factory  
  23  2:23  SCV  
  23  2:24  Barracks Reactor  
  24  2:35  SCV  
  25  2:47  SCV  
  26  2:56  Orbital Command  
  26  2:59  SCV  
  26  3:02  Marine x2  
  29  3:06  Barracks  
  29  3:07  Widow Mine  
  29  3:10  Starport  
  31  3:13  SCV  
  32  3:20  Bunker  
  32  3:24  SCV  
  32  3:25  SCV  
  34  3:30  Factory Tech Lab  
  34  3:36  SCV  
  34  3:39  SCV  
  36  3:48  SCV  
  36  3:50  Supply Depot  
  36  3:54  Engineering Bay  
  37  3:55  SCV  
  37  3:56  Barracks Tech Lab  
  37  3:59  Factory Tech Lab  
  37  4:00  SCV  
  37  4:02  Marine x2  
  40  4:03  Raven, Refinery  
  40  4:07  SCV  
  43  4:12  SCV  
  43  4:13  Supply Depot  
  44  4:17  Supply Depot  
  44  4:18  Siege Tank  
  44  4:19  SCV  
  44  4:22  Stimpack  
  48  4:24  SCV  
  49  4:31  Marine  
  49  4:32  SCV, Refinery, Marine  
  49  4:36  SCV  
  53  4:41  Supply Depot  
  53  4:42  Marauder  
  53  4:43  Terran Infantry Weapons Level 1  
  53  4:44  SCV  
  56  4:49  SCV  
  56  4:51  Supply Depot  
  57  4:53  Marine  
  57  4:59  Starport Reactor  
  58  5:00  SCV, Barracks  
  58  5:03  SCV  
  60  5:10  Marine x2, Marauder  
  60  5:12  SCV  
  65  5:15  SCV  
  65  5:16  Siege Tank  
  69  5:23  Supply Depot  
  69  5:24  SCV  
  69  5:27  SCV  
  69  5:28  Marine x2  
  72  5:32  Marauder  
  75  5:37  Medivac, Supply Depot  
  77  5:45  Medivac, Marine  
  77  5:46  Supply Depot  
  80  5:51  Concussive Shells  
  80  5:52  Marauder  
  80  5:54  Siege Tank  
  80  5:57  SCV  
  86  6:00  Supply Depot  
  86  6:01  Combat Shield  
  86  6:06  Command Center, Marine x2  
  88  6:17  Medivac  
  90  6:18  Marine  
  90  6:19  Marauder  
  90  6:24  Supply Depot, Marine x2  
  95  6:36  Marine  
  95  6:37  Terran Infantry Armor Level 1  
  95  6:39  Marine  
  96  6:41  Supply Depot  
  96  6:42  Marine x2  
  96  6:44  Supply Depot  
  99  6:47  Medivac  
  99  6:49  SCV  
  102  6:54  Marauder  
  102  6:58  Marauder  
  102  6:59  Marine  
  102  7:00  Marine  
  108  7:01  Refinery  
  97  7:16  SCV, Marauder  
  97  7:17  Marine x2  
  97  7:19  Marauder  
  103  7:25  SCV  
  103  7:26  Medivac x2  
  108  7:35  Marine x2  
  110  7:37  Marauder  
  110  7:40  Marine  
  113  7:46  Barracks  
  113  7:48  Barracks  
  113  7:50  SCV x2  
  115  7:52  Siege Tank  
  115  7:53  Marine x2  
  115  7:57  Armory  
  120  7:58  Marauder x2, Engineering Bay  
  120  8:02  SCV  
  120  8:03  Refinery  
  125  8:11  SCV, Marine x2  
  129  8:14  Medivac x2, SCV  
  129  8:17  Orbital Command  
  135  8:20  Marauder  
  135  8:29  Marine x2, Marauder  
  139  8:38  Barracks Tech Lab  
  139  8:39  Barracks Reactor  
  141  8:41  Marauder  
  141  8:46  Marine  
  141  8:47  Starport, Marine  
  143  8:51  Marauder  
  143  8:54  SCV, Sensor Tower  
  149  9:15  Supply Depot  
  149  9:17  Supply Depot x2  
  149  9:18  Supply Depot  
  149  9:20  Command Center  
  149  9:21  Supply Depot  
  149  9:26  Fusion Core  
Show
View Real Time Build Order
Export as new Build Order

A.I. 1 (Harder) Protoss 

Build Orders: 1 Gate Expand 

Get SALT Encoding   

  12  0:00  Probe  
  13  0:13  Probe  
  14  0:19  Pylon  
  14  0:25  Probe  
  15  0:33  Probe  
  15  0:41  Probe  
  16  0:49  Gateway  
  17  1:07  Probe  
  17  1:09  Nexus  
  18  1:28  Pylon  
  18  1:30  Assimilator  
  18  1:36  Zealot  
  20  1:42  Cybernetics Core, Probe  
  21  1:54  Probe  
  22  2:03  Probe  
  22  2:05  Gateway  
  23  2:12  Stalker  
  23  2:13  Assimilator  
  23  2:17  Probe  
  23  2:22  Pylon  
  26  2:29  Probe  
  27  2:40  Adept  
  29  2:49  Stalker  
  29  2:50  Assimilator  
  30  3:08  Assimilator  
  30  3:13  Probe  
  30  3:14  Probe  
  32  3:25  Stargate, Probe  
  33  3:28  Probe  
  34  3:37  Probe  
  34  3:38  Probe  
  36  3:49  Probe  
  36  3:50  Probe  
  36  3:54  Warp Gate  
  38  3:59  Stalker  
  38  4:01  Gateway  
  40  4:21  Stalker  
  42  4:25  Pylon  
  42  4:29  Sentry  
  44  4:42  Probe  
  45  4:45  Probe  
  45  4:49  Void Ray  
  50  4:54  Probe  
  50  4:57  Forge  
  51  5:06  Probe  
  52  5:09  Protoss Ground Weapons Level 1  
  52  5:11  Probe  
  52  5:13  Pylon  
  52  5:18  Probe  
  52  5:19  Probe  
  55  5:28  Probe  
  55  5:30  Probe  
  55  5:32  Void Ray  
  61  5:41  Probe  
  61  5:42  Zealot  
  64  5:43  Pylon, Probe  
  65  5:53  Probe  
  65  5:55  Probe  
  65  5:56  Zealot  
  69  6:05  Probe, Pylon  
  69  6:07  Probe  
  69  6:10  Stalker  
  73  6:17  Probe  
  74  6:23  Probe  
  74  6:25  Stalker  
  77  6:26  Pylon  
  77  6:29  Probe  
  77  6:31  Probe  
  78  6:35  Twilight Council  
  78  6:39  Probe, Stalker  
  81  6:41  Probe  
  83  6:47  Pylon  
  83  6:53  Stalker, Probe  
  86  7:07  Stalker  
  80  7:09  Pylon  
  60  7:22  Sentry  
  56  7:26  Void Ray  
  56  7:27  Probe x2  
  49  7:39  Probe  
  45  7:50  Stalker  
  45  7:51  Probe  
  40  8:03  Probe  
  40  8:05  Stalker  
  34  8:15  Probe  
  34  8:19  Zealot  
  24  8:30  Probe  
  24  8:33  Stalker  
  14  8:42  Probe  
  11  8:54  Probe, Pylon  
  1  9:26  Nexus  
Tags
 
Add a new tag
Caveats
  • Supply blocks, unpowered buildings, or Contaminate may cause inaccurate times.
  • Supply counts are checked every 10 seconds.